 Dungeon Crawl Stone Soup version 0.22-a0-377-g846bec1 (webtiles) character file.

325 JeffiDaFish the Grave Robber (level 6, -2/50 HPs)
             Began as a Draconian Necromancer on Apr 27, 2018.
             Slain by a quokka (4 damage)
             ... on level 3 of the Dungeon.
             The game lasted 00:06:30 (3845 turns).

JeffiDaFish the Grave Robber (DrNe)                 Turns: 3845, Time: 00:06:30

Health: -2/50      AC:  6    Str: 11    XL:     6   Next: 24%
Magic:  0/11       EV: 13    Int: 17    God:
Gold:   201        SH:  0    Dex: 11    Spells: 4/12 levels left

rFire    . . .     SeeInvis .   f - +2 dagger (freeze)
rCold    . . .     Gourm    .   (no shield)
rNeg     . . .     Faith    .   (armour unavailable)
rPois    .         Spirit   .   (helmet restricted)
rElec    .         Reflect  .   (no cloak)
rCorr    .         Harm     .   (no gloves)
MR       .....                  (no boots)
Stlth    ++........             (no amulet)
HPRegen  0.16/turn              (no ring)
MPRegen  0.12/turn              (no ring)

@: no status effects
A: unfitting armour, cold-blooded, AC +6
a: no special abilities


You were on level 3 of the Dungeon.
You were not hungry.

You visited 1 branch of the dungeon, and saw 3 of its levels.

You collected 201 gold pieces.

Inventory:

Hand Weapons
 f - a +2 dagger of freezing (weapon)
Scrolls
 e - 5 scrolls of remove curse
Comestibles
 b - 4 rations


   Skills:
 + Level 2.4 Fighting
 + Level 3.0 Dodging
 - Level 1.7 Stealth
 * Level 3.7 Spellcasting
 * Level 5.4 Necromancy


You had 4 spell levels left.
You knew the following spells:

 Your Spells              Type           Power        Failure   Level  Hunger
a - Pain                  Necr           ###.         1%          1    None
b - Vampiric Draining     Necr           ###.......   4%          3    ###....
c - Animate Dead          Necr           N/A          17%         4    ####...


Dungeon Overview and Level Annotations

Branches:
Dungeon (3/15)

Altars:
Ashenzari


Innate Abilities, Weirdness & Mutations

Your plain brown scales are hard. (AC +6)
You cannot fit into any form of body armour.
You are cold-blooded and may be slowed by cold attacks.


Message History

Your experience leads to an increase in your attributes!
Increase (S)trength, (I)ntelligence, or (D)exterity?
You feel clever.
Your scales feel tougher.
You feel a bit more experienced.
Nothing appears to happen.
You see here a stone.
Casting: Pain (safe; 1% risk of failure)
Confirm with . or Enter, or press ? or * to list all spells.
Aiming: Pain (safe; 1% risk of failure)
Press: ? - help, Shift-Dir - straight line, f - quokka
Aim: a quokka (chance to defeat MR: 91%)
The quokka writhes in agony!
Casting: Pain (safe; 1% risk of failure)
Confirm with . or Enter, or press ? or * to list all spells.
Aiming: Pain (safe; 1% risk of failure)
Press: ? - help, Shift-Dir - straight line, f/p - quokka
Aim: a quokka (lightly wounded, chance to defeat MR: 91%)
The quokka writhes in agony!
The quokka misses you. The quokka closely misses you. The quokka bites you.
You die...

#.#####.## #(# # #.# #.#
#.#####+## #.# #........#
#.# ##+###### #........#
#.# #.......## #........#
#.# #........# #........#
#.####......@.# #........#
#.##.<..#+###r# #........#
#.##......###.####.#####+##
#####)##......##.......#
......###....###########
.####..........#
.####.########.#
..........# ... #####.###.#
###


You could see a quokka.

Vanquished Creatures
  Sigmund (D:3)
  Terence (D:2)
  Natasha (thrice) (D:2)
  An adder (D:2)
  A worm (D:2)
  3 dart slugs
  A leopard gecko (D:2)
  A ball python (D:2)
  3 giant cockroaches
  6 goblins
  6 hobgoblins
  10 kobolds
  2 quokkas
  6 bats
  4 frilled lizards
  A rat (D:1)
50 creatures vanquished.

Notes
Turn   | Place    | Note
-------+----------+-------------------------------------------
     0 | D:1      | JeffiDaFish the Draconian Necromancer began the quest for the Orb.
     0 | D:1      | Reached XP level 1. HP: 14/14 MP: 3/3
     0 | D:1      | Noticed an ice dragon
     0 | D:1      | Noticed an iron dragon
     0 | D:1      | Noticed an iron dragon
     3 | D:1      | Noticed a shadow dragon
     3 | D:1      | Noticed a tentacled monstrosity
     5 | D:1      | Noticed an orb of fire
     6 | D:1      | Noticed an iron dragon
     7 | D:1      | Noticed a shadow dragon
     8 | D:1      | Noticed a shadow dragon
    10 | D:1      | Noticed a large abomination
    10 | D:1      | Noticed an iron dragon
    12 | D:1      | Noticed a golden dragon
    13 | D:1      | Noticed an orb of fire
    17 | D:1      | Noticed an orb of fire
    17 | D:1      | Noticed a large abomination
    17 | D:1      | Noticed a shadow dragon
    19 | D:1      | Noticed a shadow dragon
    21 | D:1      | Noticed an orb of fire
   795 | D:1      | Reached XP level 2. HP: 16/20 MP: 0/5
  1465 | D:2      | Noticed Terence
  1649 | D:2      | Reached XP level 3. HP: 23/27 MP: 2/6
  2120 | D:2      | Reached skill level 1 in Fighting
  2223 | D:2      | Noticed Natasha
  2227 | D:2      | Killed Natasha
  2227 | D:2      | Reached XP level 4. HP: 19/35 MP: 1/8
  2638 | D:2      | Killed Terence
  2882 | D:2      | Noticed Natasha
  2888 | D:2      | Killed Natasha
  2899 | D:2      | Found a shattered altar of Ashenzari.
  2984 | D:2      | Noticed Natasha
  2991 | D:2      | Killed Natasha
  2991 | D:2      | Reached skill level 5 in Necromancy
  2991 | D:2      | Reached XP level 5. HP: 8/41 MP: 2/9
  3345 | D:2      | Learned a level 3 spell: Vampiric Draining
  3350 | D:2      | Learned a level 4 spell: Animate Dead
  3805 | D:3      | Noticed Sigmund
  3822 | D:3      | HP: 1/41 [something (12)]
  3823 | D:3      | Killed Sigmund
  3823 | D:3      | Reached XP level 6. HP: 2/50 MP: 0/11
  3845 | D:3      | Slain by a quokka

Vault maps used:
D:1:      shiori_arrival_whats_in_store_for_you
D:2:      first_ration, evilmike_ruin_ashenzari, uniq_terence, uniq_natasha
D:3:      uniq_ijyb, uniq_sigmund

Skill      XL: |  1  2  3  4  5 |
---------------+----------------+-----
Dodging        | 2 3 |  3.0
Fighting       | 1 2 |  2.4
Spellcasting   | 3 |  3.7
Necromancy     | 5 |  5.4
Stealth        | |  1.7

Action                   |  1- 3 |  4- 6 || total
-------------------------+-------+-------++-------
Melee: Dagger            |     9 |    12 ||    21
       Unarmed           |     3 |       ||     3
       Tailslap          |     2 |       ||     2
       Spear             |    52 |       ||    52
 Cast: Pain              |    53 |    52 ||   105
       Vampiric Draining |       |     1 ||     1
  Use: Scroll            |     6 |     2 ||     8
       Potion            |       |     2 ||     2
 Stab: Sleeping          |     1 |       ||     1
  Eat: Chunk             |     5 |     5 ||    10
Armor: Skin              |    33 |     6 ||    39
Dodge: Dodged            |    67 |     9 ||    76

Table legend:
 A = Spawn XP
 B = Non-spawn XP
 C = Spawn XP percentage of total XP
 D = Spawn monster count
 E = Non-spawn monster count
 F = Spawn count percentage of total count
 G = Total turns spent on level
                    A         B        C        D         E        F      G
               +---------+---------+-------+---------+---------+-------+---------
         Total |       0 |     465 |   0.0 |       0 |      50 |   0.0 |  3845
               +---------+---------+-------+---------+---------+-------+---------
           D:1 |       0 |      26 |   0.0 |       0 |      14 |   0.0 |  1534
           D:2 |       0 |     202 |   0.0 |       0 |      27 |   0.0 |  2025
           D:3 |       0 |     237 |   0.0 |       0 |       9 |   0.0 |   286
               +---------+---------+-------+---------+---------+-------+---------
